 Dungeon Crawl Stone Soup version 0.31-a0-846-gb3bcc0d938 (webtiles) character file.

Game seed: 7535512725367599920

1302 Bnni the Merchant of Misery (level 8, -6/61 HPs)
             Began as a Demonspawn Necromancer on Oct 4, 2023.
             Was a Believer of Kikubaaqudgha.
             Mangled by a cyclops (29 damage)
             ... on level 6 of the Dungeon.
             The game lasted 00:13:59 (4250 turns).

Bnni the Merchant of Misery (DsNe)                  Turns: 4250, Time: 00:14:00

Health: -6/61      AC:  4    Str:  8    XL:     8   Next: 31%
Magic:  3/15       EV: 21    Int: 18    God:    Kikubaaqudgha [**....]
Gold:   464        SH:  8    Dex: 15    Spells: 4/16 levels left

rFire   . . .        q - +2 whip (elec)
rCold   . . .        (no shield)
rNeg    . . .        f - +0 leather armour
rPois   .            (no helmet)
rElec   .            a - +0 cloak
rCorr   .            (no gloves)
SInv    .            (no boots)
Will    .....        g - amulet of magic regeneration
Stlth   ++           h - +5 ring of evasion
HPRegen 0.30/turn    u - +5 ring of evasion
MPRegen 0.54/turn

%: no passive effects
@: no status effects
A: large bone plates 3, demonic guardian 1, foul stench 1, weakness stinger 1
a: Renounce Religion, Unearth Wretches


You were on level 6 of the Dungeon.
You worshipped Kikubaaqudgha.
Kikubaaqudgha was pleased with you.
You visited 2 branches of the dungeon, and saw 7 of its levels.

You collected 464 gold pieces.

Inventory:

Hand Weapons
 q - a +2 whip of electrocution (weapon)
 B - a +0 trident
Missiles
 c - 8 poisoned darts
 d - a throwing net
Armour
 a - a +0 cloak (worn)
 f - a +0 leather armour (worn)
Jewellery
 g - an amulet of magic regeneration (around neck)
 h - a +5 ring of evasion (left hand)
 o - a ring of resist corrosion
 p - a ring of poison resistance
 u - a +5 ring of evasion (right hand)
 A - a ring of protection from fire
Wands
 x - a wand of iceblast (14)
Scrolls
 e - a scroll of poison {unknown}
 i - a scroll of enchant weapon {unknown}
 j - 4 scrolls of teleportation {unknown}
 r - 2 scrolls of fog {unknown}
 s - a scroll of enchant armour {unknown}
 t - a scroll of vulnerability {unknown}
 y - a scroll of silence {unknown}
 z - 2 scrolls of revelation {unknown}
Potions
 b - 2 potions of magic
 k - 2 potions of brilliance
 l - 3 potions of enlightenment
 m - 2 potions of mutation
 n - 3 potions of curing
 v - 3 potions of haste
 w - a potion of lignification {unknown}
 C - 3 potions of heal wounds {unknown}


   Skills:
 + Level 4.8 Fighting
 - Level 1.7 Dodging
 - Level 1.7 Stealth
 + Level 4.9 Spellcasting
 * Level 9.0 Necromancy


You had 4 spell levels left.
You knew the following spells:

 Your Spells              Type           Power      Damage    Failure   Level
a - Necrotise             Necr           100%       1d9       1%          1
b - Cigotuvi's Dreadful   Necr/Pois/Air  30%        N/A       9%          2
c - Vampiric Draining     Necr           37%        2d8       1%          3
d - Animate Dead          Necr           37%        N/A       4%          4
s - Sublimation of Blood  Necr           37%        N/A       1%          2

Your spell library contained the following spells:

 Spells                   Type           Power      Damage    Failure   Level
 Static Discharge         Conj/Air       8%         2-3/arc   30%         2
 Airstrike                Air            2%         2d(1-17)  89%         4
 Summon Lightning Spire   Summ/Air       4%         N/A       89%         4
 Agony                    Necr           37%        N/A       13%         5
 Haunt                    Necr/Summ      10%        N/A       100%        7
 Infestation              Necr           18%        N/A       100%        8


Dungeon Overview and Level Annotations

Branches:
Dungeon (6/15)             Temple (1/1) D:4

Altars:
Ashenzari
Cheibriados
Dithmenos
Fedhas
Gozag
Hepliaklqana
Kikubaaqudgha
Makhleb
Okawaru
Qazlal
Ru
Uskayaw
Wu Jian
Xom
Lugonu


Innate Abilities, Weirdness & Mutations

You are completely covered in large bone plates. (SH +8)
A weak demonic guardian rushes to your aid.
You may rarely emit foul miasma when damaged in melee.
You have a small tail.


Message History

Aiming: Vampiric Draining (safe; 1% risk of failure)
Press: ? - help, Shift-Dir - straight line, f/p - cyclops
Aim: a cyclops, quivering large rocks (lightly wounded, poisoned)
You draw life force from the cyclops!
You feel life coursing into your body. The cyclops barely misses you.
Unknown command.
Casting: Vampiric Draining (safe; 1% risk of failure)
Confirm with . or Enter, or press ? or * to list all spells.
Aiming: Vampiric Draining (safe; 1% risk of failure)
Press: ? - help, Shift-Dir - straight line, f/p - cyclops
Aim: a cyclops, quivering large rocks (moderately wounded, poisoned)
You draw life force from the cyclops!
You feel life coursing into your body.
The cyclops looks more healthy.
The cyclops hits you!!
Ouch! That really hurt!
* * * LOW HITPOINT WARNING * * *
A demonic guardian appears!
Casting: Vampiric Draining (safe; 1% risk of failure)
Confirm with . or Enter, or press ? or * to list all spells.
Aiming: Vampiric Draining (safe; 1% risk of failure)
Press: ? - help, Shift-Dir - straight line, f/p - cyclops
Aim: a cyclops, quivering large rocks (heavily wounded, ally target)
You draw life force from the cyclops.
You feel life coursing into your body.
Unknown command.
Casting: Vampiric Draining (safe; 1% risk of failure)
Confirm with . or Enter, or press ? or * to list all spells.
Aiming: Vampiric Draining (safe; 1% risk of failure)
Press: ? - help, Shift-Dir - straight line, f/p - cyclops
Aim: a cyclops, quivering large rocks (heavily wounded, ally target)
You draw life force from the cyclops!
You feel life coursing into your body. You block the cyclops's attack.
Your shadow imp hits the cyclops.
Unknown command.
Casting: Vampiric Draining (safe; 1% risk of failure)
Confirm with . or Enter, or press ? or * to list all spells.
Aiming: Vampiric Draining (safe; 1% risk of failure)
Press: ? - help, Shift-Dir - straight line, f/p - cyclops
Aim: a cyclops, quivering large rocks (severely wounded, ally target)
You draw life force from the cyclops!
You feel life coursing into your body. The cyclops hits you!!
You die...
Kikubaaqudgha rasps: "You have failed me!
Welcome... death!"

.. .# .# .# #####
.# ...# .#
#.########$###
#.......>....#
####..######@5..#
#.....#
#.C.....!.
#.##.##
#.....###. #####
#.###.##.#
#.#.#... ....###
#........# #.
.##### ###......
#####.#### #. ..
#........ #.#
###+## #.#.#.##.
#.# ##...##
#.#.#.##. #.###
##>....##
#.#.#.##.


You could see a cyclops (ally target) and a friendly shadow imp (summoned).

Vanquished Creatures
  A water moccasin (D:6)
  An orc warrior (D:4)
  An ice beast (D:6)
  A sky beast (D:5)
  2 phantoms
  A scorpion (D:5)
  2 jellies (D:6)
  An orc priest (D:4)
  3 hounds
  A gnoll bouda (D:5)
  5 iguanas
  2 orc wizards
  11 gnolls
  8 adders
  3 worms
  A dart slug (D:5)
  10 orcs
  7 endoplasms
  6 giant cockroaches
  7 goblins
  7 hobgoblins
  13 jackals
  6 quokkas
  6 ball pythons
  6 bats
  5 frilled lizards
  6 kobolds
  3 rats
126 creatures vanquished.

Vanquished Creatures (collateral kills)
  An adder (D:5)
  A gnoll (D:5)
  A dart slug (D:2)
  A kobold (D:2)
  A quokka (D:4)
  A ball python (D:4)
  A bat (D:3)
7 creatures vanquished.

Vanquished Creatures (others)
  3 adder zombies
  A ball python zombie (D:4)
  A hobgoblin zombie (D:4)
  An orc zombie (D:4)
6 creatures vanquished.

Grand Total: 139 creatures vanquished

Notes
Turn   | Place    | Note
-------+----------+-------------------------------------------
     0 | D:1      | Bnni the Demonspawn Necromancer began the quest for the
                  | Orb.
     0 | D:1      | Reached XP level 1. HP: 13/13 MP: 3/3
   284 | D:1      | Gained mutation: You are partially covered in large bone
                  | plates. (SH +4) [demonic ancestry]
   284 | D:1      | Reached XP level 2. HP: 20/20 MP: 3/5
   508 | D:2      | Found a hide-covered altar of Uskayaw.
   546 | D:2      | Reached skill level 1 in Fighting
   572 | D:2      | Reached skill level 5 in Necromancy
   577 | D:2      | Gained mutation: You are mostly covered in large bone
                  | plates. (SH +6) [demonic ancestry]
   577 | D:2      | Reached XP level 3. HP: 26/26 MP: 6/6
   636 | D:2      | Gained mutation: You may rarely emit foul miasma when
                  | damaged in melee. [demonic ancestry]
   636 | D:2      | Reached XP level 4. HP: 8/32 MP: 3/7
   736 | D:2      | Learned a level 3 spell: Vampiric Draining
   741 | D:2      | Learned a level 4 spell: Animate Dead
  1103 | D:2      | You fall into a shaft and drop 2 floors!
  1103 | D:4      | Found a staircase to the Ecumenical Temple.
  1111 | Temple   | Entered the Ecumenical Temple
  1124 | Temple   | Became a worshipper of Kikubaaqudgha
  1173 | D:4      | Gained mutation: You are completely covered in large bone
                  | plates. (SH +8) [demonic ancestry]
  1173 | D:4      | Reached XP level 5. HP: 36/38 MP: 9/9
  1271 | D:3      | Found a stormy altar of Qazlal.
  1286 | D:3      | Reached skill level 6 in Necromancy
  1617 | D:2      | Found a faded altar of an unknown god.
  1773 | D:3      | Reached * piety under Kikubaaqudgha
  1773 | D:3      | Received a gift from Kikubaaqudgha
  2249 | D:4      | Gained mutation: A weak demonic guardian rushes to your
                  | aid. [demonic ancestry]
  2249 | D:4      | Reached XP level 6. HP: 44/46 MP: 10/10
  2423 | D:4      | Learned a level 2 spell: Cigotuvi's Dreadful Rot
  2544 | D:4      | Found an ornate altar of the Wu Jian Council.
  2723 | D:4      | Noticed an orc warrior
  2743 | D:4      | Killed an orc warrior
  2791 | D:4      | Reached skill level 7 in Necromancy
  2959 | D:5      | Entered Level 5 of the Dungeon
  2975 | D:5      | Reached XP level 7. HP: 52/52 MP: 12/12
  2978 | D:5      | Learned a level 2 spell: Sublimation of Blood
  3226 | D:5      | Reached skill level 8 in Necromancy
  3249 | D:5      | Reached ** piety under Kikubaaqudgha
  3575 | D:5      | Found a shadowy altar of Dithmenos.
  3803 | D:6      | Gained mutation: You have a small tail. [demonic ancestry]
  3803 | D:6      | Reached XP level 8. HP: 61/61 MP: 14/14
  3823 | D:6      | Found a shimmering altar of Xom.
  3823 | D:6      | Found a blossoming altar of Fedhas.
  3891 | D:6      | Found an iron altar of Okawaru.
  4103 | D:6      | Reached skill level 9 in Necromancy
  4242 | D:6      | Noticed a cyclops
  4250 | D:6      | Mangled by a cyclops

Illustrated notes

Levels and vault maps discovered:
D:1:      ncdulo_smallfort, layout_rooms
D:2:      layout_basic, basic_altar, hellmonk_ecumenical_altar_leap_of_faith,
          minmay_vboxes
D:3:      layout_loops_ring, nicolae_qazlal_scattered_showers, minmay_unequal
D:4:      minmay_chambers_of_twos, layout_basic, nzn_wu_jian_council_hall,
          temple_fountains, guppyfry_early_orc_mine
D:5:      layout_rooms, grunt_dithmenos_smoke, serial_glass, glass_columns_a,
          glass_columns_b
D:6:      layout_loops_corners, nicolae_elyvilon_peaceful_grove,
          mainiacjoe_overflow_chevrons, minitemple
Temple:   corrupted_temple

Skill      XL: |  1  2  3  4  5  6  7  8 |
---------------+-------------------------+-----
Fighting       | 1 2 3 4 |  4.8
Necromancy     | 5 6 7 8 9 |  9.0
Spellcasting   | 3 4 |  4.9
Dodging        | |  1.7
Stealth        | |  1.7

Action                     |  1- 3 |  4- 6 |  7- 9 || total
---------------------------+-------+-------+-------++-------
  Melee: Spear             |    43 |     4 |       ||    47
         Whip              |       |   197 |   119 ||   316
         Punch             |       |     1 |     1 ||     2
         Tailslap          |       |       |     1 ||     1
  Throw: Dart              |       |     6 |     1 ||     7
   Cast: Necrotise         |    44 |     4 |       ||    48
         Vampiric Draining |       |     2 |     8 ||    10
         Animate Dead      |       |     3 |     1 ||     4
         Cigotuvi's Dreadf |       |     1 |       ||     1
    Use: Scroll            |       |     5 |       ||     5
   Stab: Sleeping          |     1 |     8 |       ||     9
         Distracted        |       |     1 |       ||     1
 Armour: Robe              |     2 |       |       ||     2
         Leather armour    |    23 |    67 |    33 ||   123
  Dodge: Dodged            |    46 |   176 |   111 ||   333
  Block: Other             |    21 |    91 |    53 ||   165

Table legend: (Time is in decaauts)
 A = Elapsed time spent in this place.
 B = Non-inter-level travel time spent in this place.
 C = Inter-level travel time spent in this place.
 D = Time resting spent in this place.
 E = Time spent auto-exploring this place.
 F = Levels seen in this place.
 G = Mean time per level.
                   A        B        C        D        E       F      G
               +--------+--------+--------+--------+--------+-----+--------+
         Total |   4280 |   4079 |    201 |    109 |   2980 |   7 |  611.4 |
       Dungeon |   4254 |   4077 |    177 |    109 |   2980 |   6 |  709.0 |
        Temple |     26 |      2 |     24 |      0 |      0 |   1 |   26.0 |
               +--------+--------+--------+--------+--------+-----+--------+

Top non-repeatable levels by time:
     D:4: 877 daAuts
     D:2: 840 daAuts
     D:5: 759 daAuts
     D:3: 735 daAuts
     D:6: 543 daAuts
     D:1: 498 daAuts
  Temple: 26 daAuts
